 Dungeon Crawl Stone Soup version 0.29.0-11-gd7f09526c8 (webtiles) character file.

Game seed: 10984069076538567458

10971 SensoryNuts the Cleaver (level 11, 0/105 HPs)
             Began as a Troll Fighter on Sept 2, 2022.
             Slain by a meliai
             ... wielding a +0 hand axe
              (9 damage)
             ... on level 13 of the Dungeon.
             The game lasted 00:11:42 (8083 turns).

SensoryNuts the Cleaver (Troll Fighter)             Turns: 8083, Time: 00:11:42

Health: 0/105      AC:  6    Str: 37    XL:     11   Next: 43%
Magic:  10/10      EV: 11    Int:  2    God:
Gold:   678        SH: 11    Dex: 17    Spells: 10/10 levels left

rFire   x . .      SeeInvis +   h - +14 obsidian axe {vorpal, Mesm Drain Fly SInv}
rCold   + . .      Faith    .   i - +1 kite shield
rNeg    . . .      Spirit   .   b - +0 robe
rPois   .          Reflect  .   (helmet restricted)
rElec   .          Harm     .   j - +1 cloak
rCorr   .          Rampage  .   (gloves unavailable)
Will    .....                   (boots unavailable)
Stlth   ++........              (no amulet)
HPRegen 1.07/turn               g - ring "Hyezxa Xyrap" {Ice Str+7 Int-2 Dex+8}
MPRegen 0.12/turn               (no ring)

@: lethally poisoned (0 -> -14), flying, mesmerised
A: large, unfitting armour, claws 3, regeneration 1, shaggy fur 1, tough skin 1
a: no special abilities


You were on level 13 of the Dungeon.
You visited 1 branch of the dungeon, and saw 13 of its levels.

You collected 678 gold pieces.

Inventory:

Hand Weapons
 a - a +2 flail of flaming
 h - the +14 obsidian axe (weapon) {vorpal, Mesm Drain Fly SInv}
   (You acquired it on level 1 of the Dungeon)

   It inflicts extra damage upon your enemies.
   It occasionally summons demons to assist the wielder when it strikes in
   combat.
   Its wielder is mesmerised by any visible foes.
   It cannot be unequipped while any foes are visible.
   SInv:      It lets you see invisible.
   Fly:       It grants you flight.
   Drain:     It drains your maximum health when unequipped.
 E - a +0 giant spiked club
Armour
 b - a +0 robe (worn)
 i - a +1 kite shield (worn)
 j - a +1 cloak (worn)
Jewellery
 c - a ring of fire
 g - the ring "Hyezxa Xyrap" (left claw) {Ice Str+7 Int-2 Dex+8}
   (You acquired it on level 1 of the Dungeon)

   [ring of ice]

   It enhances your ice magic.
   Str:       It affects your strength (+7).
   Int:       It affects your intelligence (-2).
   Dex:       It affects your dexterity (+8).
   rF:        It makes you vulnerable to fire.
   rC:        It protects you from cold.
 p - a +6 ring of intelligence
Wands
 w - a wand of charming (15)
 y - a wand of digging (13)
 A - a wand of roots (15)
 D - a wand of polymorph (7)
Scrolls
 e - 2 scrolls of amnesia
 k - a scroll of magic mapping
 o - 2 scrolls of vulnerability
 u - 2 scrolls of teleportation
 v - a scroll of enchant armour
 B - a scroll of fog {unknown}
 C - 5 scrolls of identify
Potions
 d - 5 potions of might
 f - 2 potions of haste
 l - 7 potions of attraction
 m - 2 potions of flight
 n - 2 potions of mutation
 q - a potion of brilliance
 r - 7 potions of curing
 s - 2 potions of resistance
 t - 3 potions of lignification {unknown}
 x - 4 potions of heal wounds {unknown}
 z - a potion of degeneration {unknown}


   Skills:
 + Level 5.8 Fighting
 * Level 12.2(12.3) Axes
 - Level 2.4(8.9) Maces & Flails
 + Level 4.8 Dodging
 + Level 3.0 Stealth
 + Level 5.3 Shields


You had 10 spell levels left.
You didn't know any spells.
Your spell library contained the following spells:

 Spells                   Type           Power      Damage    Failure   Level
 Foxfire                  Conj/Fire      0%         2x1d4     82%         1
 Sandblast                Erth           0%         2d4       82%         1
 Call Imp                 Summ           0%         N/A       91%         2
 Passwall                 Tmut/Erth      0%         N/A       91%         2
 Poisonous Vapours        Pois/Air       0%         N/A       91%         2
 Static Discharge         Conj/Air       0%         3-3/arc   91%         2
 Call Canine Familiar     Summ           0%         N/A       99%         3
 Confusing Touch          Hex            0%         N/A       99%         3
 Conjure Flame            Conj/Fire      0%         6-21      99%         3
 Inner Flame              Hex/Fire       0%         N/A       99%         3
 Ozocubu's Armour         Ice            0%         N/A       99%         3
 Spider Form              Tmut/Pois      0%         N/A       99%         3
 Stone Arrow              Conj/Erth      0%         3d7       99%         3
 Tukima's Dance           Hex            0%         N/A       99%         3
 Animate Armour           Summ/Erth      0%         N/A       100%        4
 Animate Dead             Necr           0%         N/A       100%        4
 Dispel Undead            Necr           0%         3d6       100%        4
 Flame Wave               Conj/Fire      0%         2d4       100%        4
 Fulminant Prism          Conj/Hex       0%         3d6       100%        4
 Passage of Golubria      Tloc           0%         N/A       100%        4
 Sticky Flame             Conj/Fire      0%         2d3       100%        4
 Borgnjor's Vile Clutch   Necr/Erth      0%         N/A       100%        5
 Yara's Violent Unravell  Hex/Tmut       0%         3d3       100%        5
 Death Channel            Necr           0%         N/A       100%        6
 Enfeeble                 Hex            0%         N/A       100%        7
 Ozocubu's Refrigeration  Ice            0%         4d7       100%        7


Dungeon Overview and Level Annotations

Branches:
Dungeon (14/15)            Temple (0/1) D:7            Lair (0/5) D:11
    Orc: D:9-12      Vaults: D:13-14

Altars:
Ashenzari
Cheibriados
Elyvilon
Fedhas
Gozag
Hepliaklqana
Makhleb
Okawaru
Uskayaw
Vehumet
Wu Jian
Xom
Zin
The Shining One

Shops:
D:6 =   D:13 =

Annotations:
D:7 3 runed translucent doors, Zeldest's ghost, novice OpDe
D:11 exclusion: 2 oklob plants


Innate Abilities, Weirdness & Mutations

You are too large for most types of armour.
You have claws for hands.
Your natural rate of healing is unusually fast.
You are covered in fur. (AC +1)
You have tough skin. (AC +1)


Message History

The meliai buzzes angrily. x2
The meliai hits you with a +0 war axe! The meliai stings you.
You slash the meliai! You open a gate to Pandemonium!
A demon appears!
The meliai is heavily wounded.
You hit the meliai.
The meliai mumbles some strange prayers to its god against you.
Something smites you!
The meliai calls upon its god to heal the meliai.
The meliai is healed somewhat.
You block the meliai's attack.
The meliai hits your chaos spawn but does no damage.
The meliai stings you! The meliai closely misses you.
You block the meliai's attack. x2; The meliai stings you!
Your chaos spawn misses the meliai.
You barely miss the meliai.
The meliai is heavily wounded.
You slash the meliai! You closely miss the meliai.
Visions of slaying the meliai flood into your mind.
The meliai calls upon its god to heal the meliai.
The meliai's wounds heal themselves!
The meliai invokes the aid of its god against you.
Something smites you!
The meliai calls down the wrath of its god upon you.
Something smites you! The meliai hits you but does no damage.
You block the meliai's attack. The meliai hits you with a +0 war axe!
The meliai stings you.
You are poisoned.
The meliai poisons you!
The meliai calls down the wrath of its god upon you.
Something smites you!
* * * LOW HITPOINT WARNING * * *
Your chaos spawn barely misses the meliai.
The meliai hits you with a +0 war axe!
* * * LOW HITPOINT WARNING * * *
The meliai closely misses your chaos spawn.
The meliai barely misses your rust devil.
You block the meliai's attack. The meliai hits you with a +0 war axe.
* * * LOW HITPOINT WARNING * * *
You block the meliai's attack. The meliai barely misses you.
The meliai stings you!
You die...

.#.....## .... .......
..... #.<...# ....
#.....##......##
..#.#......##....##
.................
##########.......#......
........................
......y@..##..........##
......yy4.##............
........4.....##.##...∩.
###...........##.##.....
#.....................
#................#####
#................###
...................###
.............#†....


You could see 3 meliai, a friendly rust devil (summoned) and a friendly chaos
spawn (summoned).

Vanquished Creatures
  Snorg (D:13)
  3 two-headed ogres
  A centaur warrior (D:9)
  A tengu conjurer (D:9)
  Prince Ribbit (D:6)
  A shadow (D:11)
  8 yaks (D:9)
  A wraith (D:11)
  A basilisk (D:11)
  2 acid dragons
  A water moccasin (D:9)
  An orc warrior (D:11)
  A black bear (D:7)
  2 ogres (D:6)
  7 centaurs
  2 phantoms
  A kobold brigand (D:10)
  2 bullfrogs (D:8)
  A gnoll sergeant (D:7)
  A scorpion (D:6)
  5 wights (D:8)
  3 jellies
  19 killer bees
  2 hounds
  8 orc priests
  2 iguanas
  9 orc wizards
  A mummy (D:7)
  3 gnolls (D:7)
  5 adders
  4 shadow imps
  3 ufetubi
  A worm (D:4)
  5 dart slugs
  20 orcs
  11 ball pythons
  9 endoplasms
  3 giant cockroaches
  4 goblins
  11 hobgoblins
  2 jackals (D:1)
  10 kobolds
  4 quokkas
  4 bats
  4 frilled lizards
  3 rats
194 creatures vanquished.

Vanquished Creatures (collateral kills)
  A centaur warrior (D:9)
  A manticore (D:9)
  A wyvern (D:9)
  A wraith (D:11)
  2 yaks (D:9)
  An acid dragon (D:10)
  An orc warrior (D:10)
  2 ogres
  A phantom (D:5)
  2 centaurs
  A killer bee (D:8)
  A howler monkey (D:10)
  A jelly (D:5)
  An iguana (D:5)
  2 orcs
  A quokka (D:5)
20 creatures vanquished.

Vanquished Creatures (others)
  12 fungi (D:10)
  4 plants (D:7)
16 creatures vanquished.

Grand Total: 230 creatures vanquished

Notes
Turn   | Place    | Note
-------+----------+-------------------------------------------
     0 | D:1      | SensoryNuts the Troll Fighter began the quest for the Orb.
     0 | D:1      | Reached XP level 1. HP: 22/22 MP: 0/0
    33 | D:1      | Reached XP level 2. HP: 28/29 MP: 1/1
   569 | D:1      | Reached XP level 3. HP: 31/36 MP: 2/2
   717 | D:1      | Identified 2 scrolls of acquirement
   717 | D:1      | Acquired the +14 obsidian axe {vorpal, Mesm Drain Fly SInv}
   717 | D:1      | Found the +14 obsidian axe {vorpal, Mesm Drain Fly SInv}
   720 | D:1      | Acquired the ring "Hyezxa Xyrap" {Ice Str+7 Int-2 Dex+8}
  1287 | D:2      | Reached skill level 1 in Axes
  1852 | D:3      | Reached XP level 4. HP: 44/44 MP: 3/3
  2227 | D:4      | Noticed a smoke demon
  2260 | D:4      | Reached skill level 2 in Axes
  2714 | D:5      | Entered Level 5 of the Dungeon
  2719 | D:5      | Reached XP level 5. HP: 52/52 MP: 4/4
  2724 | D:5      | Noticed a phantom
  2731 | D:5      | Killed a phantom
  2732 | D:5      | Reached skill level 3 in Axes
  2745 | D:5      | Noticed a phantom
  2750 | D:5      | Killed a phantom
  2751 | D:5      | Reached XP level 6. HP: 61/61 MP: 5/5
  2761 | D:5      | Got the Catalogue of the Tainted Comitatus
  2802 | D:5      | Reached skill level 4 in Axes
  2815 | D:5      | Found a burning altar of Makhleb.
  2931 | D:5      | Reached XP level 7. HP: 67/67 MP: 6/6
  3380 | D:6      | Found a blossoming altar of Fedhas.
  3383 | D:6      | Found an ornate altar of the Wu Jian Council.
  3387 | D:6      | Found a broken altar of Ashenzari.
  3458 | D:6      | Reached skill level 5 in Axes
  3461 | D:6      | Reached skill level 1 in Stealth
  3491 | D:6      | Found a white marble altar of Elyvilon.
  3568 | D:6      | Found Otiafuv's Jewellery Boutique.
  3604 | D:6      | Reached skill level 6 in Axes
  3604 | D:6      | Reached XP level 8. HP: 37/75 MP: 7/7
  3645 | D:6      | Noticed Prince Ribbit
  3648 | D:6      | Killed Prince Ribbit
  3813 | D:6      | Found a glowing golden altar of the Shining One.
  4347 | D:7      | Found a snail-covered altar of Cheibriados.
  4390 | D:7      | Reached skill level 7 in Axes
  4478 | D:7      | Noticed Zeldest's ghost (novice OpDe)
  4479 | D:7      | Found a runed translucent gate.
  4479 | D:7      | Found a runed translucent gate.
  4480 | D:7      | Found a runed translucent gate.
  4545 | D:7      | Found an iron altar of Okawaru.
  4808 | D:7      | Found a staircase to the Ecumenical Temple.
  4812 | D:7      | Noticed a smoke demon
  5247 | D:7      | Reached XP level 9. HP: 84/84 MP: 8/8
  5256 | D:7      | Reached skill level 8 in Axes
  5518 | D:8      | Found a hazy altar of Hepliaklqana.
  5818 | D:8      | Found a hide-covered altar of Uskayaw.
  6215 | D:8      | Reached skill level 9 in Axes
  6441 | D:9      | Noticed a two-headed ogre
  6450 | D:9      | Killed a two-headed ogre
  6451 | D:9      | Reached skill level 10 in Axes
  6451 | D:9      | Reached XP level 10. HP: 46/94 MP: 9/9
  6626 | D:9      | Noticed a manticore
  6634 | D:9      | Killed a manticore
  6700 | D:9      | Noticed a centaur warrior
  6707 | D:9      | Killed a centaur warrior
  6708 | D:9      | Reached skill level 5 in Fighting
  6759 | D:9      | Got the Guidebook on Flinty Beguiling
  6768 | D:9      | Noticed a centaur warrior
  6771 | D:9      | Killed a centaur warrior
  6772 | D:9      | Reached skill level 11 in Axes
  6850 | D:9      | Reached skill level 5 in Shields
  7009 | D:9      | Found a glowing silver altar of Zin.
  7009 | D:9      | Found an opulent altar of Gozag.
  7046 | D:10     | Entered Level 10 of the Dungeon
  7058 | D:10     | Found a radiant altar of Vehumet.
  7173 | D:10     | Reached XP level 11. HP: 100/104 MP: 10/10
  7190 | D:10     | Found a shimmering altar of Xom.
  7445 | D:10     | Noticed a two-headed ogre
  7451 | D:10     | Killed a two-headed ogre
  7812 | D:11     | Noticed an oklob plant
  7813 | D:11     | Found a staircase to the Lair.
  7817 | D:11     | Noticed a two-headed ogre
  7825 | D:11     | Killed a two-headed ogre
  7828 | D:11     | Reached skill level 12 in Axes
  7882 | D:11     | Noticed an oklob plant
  7944 | D:11     | You are sucked into a shaft and drop 3 floors!
  7952 | D:13     | Noticed Snorg
  7952 | D:13     | Found Laoqequk's Jewellery Boutique.
  7960 | D:13     | Killed Snorg
  8083 | D:13     | Slain by a meliai

Illustrated notes

Levels and vault maps discovered:
D:1:      erik_arrival_orb_chamber, layout_basic
D:2:      layout_basic, minmay_surrounded
D:3:      layout_loops_ring, minmay_tree_intersection, mrwooster_statue_mirror
D:4:      layout_gridville
D:5:      layout_cave_pools, mainiacjoe_overflow_cross_hatched
D:6:      layout_basic, tso_altar, elyvilon_altar_5,
          grunt_temple_overflow_diamond, serial_shops, shop, uniq_prince_ribbit1
D:7:      layout_loops_corners, okawaru_trees_1, chei_slow_surprise,
          minmay_temple_entry_purple_smoke, serial_co_window_serial,
          co_window_paths_b, co_window_corner_a, co_window_corner_a,
          co_window_corner_a, co_window_paths_a, co_window_broadway_b,
          co_window_broadway_b, co_window_broadway_b, co_window_broadway_c,
          glass_columns_b, glass_columns_a, ebering_ghost_rock_garden,
          serial_bayou_lagoon_a, kennysheep_generic_room_3
D:8:      layout_loops_ring, mainiacjoe_overflow_paths,
          mainiacjoe_overflow_six_doors_small, palyth_stone_intersect,
          nicolae_hexahallways
D:9:      layout_cross, grunt_temple_overflow_gold_and_silver,
          minmay_diamond_spiral
D:10:     layout_roguey, mainiacjoe_overflow_chevrons, vehumet_crystals
D:11:     layout_rooms, dpeg_oklobed_lair, nicolae_diode_stairs
D:13:     layout_basic, serial_shops, nicolae_shop_statue_plus,
          nicolae_shop_behind_doors, shop, nicolae_shop_advertising_works
          [nicolae_subvault_shop_adworks], shop, uniq_snorg
D:14:     lemuel_troll_bridge, layout_basic, david_vaults_4,
          serial_co_window_serial, co_window_corner_a, co_window_paths_a,
          co_window_paths_a, co_window_paths_b, co_window_paths_a,
          co_window_paths_a, co_window_corner_a, co_window_paths_b,
          co_window_paths_a, co_window_2corner, co_window_corner_b,
          co_window_unsneaky_path_d, co_window_of_opportunity_b,
          co_window_corner_b, glass_columns_a, glass_columns_b, glass_columns_a,
          glass_columns_a, glass_columns_a, minmay_misc_feat_diagonals

Skill      XL: |  1  2  3  4  5  6  7  8  9 10 11 |
---------------+----------------------------------+-----
Maces & Flails | 2 |  2.4
Axes           | 1 2 3 4 6 7 10 11 12 | 12.2
Shields        | 3 4 5 |  5.3
Fighting       | 3 4 5 |  5.8
Dodging        | 3 4 |  4.8
Stealth        | 1 2 3 |  3.0

Action                   |  1- 3 |  4- 6 |  7- 9 | 10-12 || total
-------------------------+-------+-------+-------+-------++-------
Melee: Flail             |    56 |       |       |       ||    56
       Punch             |     1 |       |       |       ||     1
       Broad axe         |    33 |    34 |   120 |    78 ||   265
  Use: Scroll            |     4 |    10 |     6 |     5 ||    25
       Potion            |       |       |     6 |       ||     6
 Stab: Sleeping          |     1 |     1 |     7 |     1 ||    10
       Invisible         |       |       |     1 |       ||     1
       Distracted        |       |       |       |     1 ||     1
Armor: Robe              |    34 |     8 |    38 |    20 ||   100
Dodge: Dodged            |    37 |    14 |    54 |    42 ||   147
Block: Kite shield       |    22 |    18 |    61 |    64 ||   165
